 Dungeon Crawl Stone Soup version 0.23-a0-673-g3803c42f16 (webtiles) character file.

4792 Flugkiller the Nimble (level 10, -3/68 HPs)
             Began as an Octopode Wanderer on Jan 9, 2019.
             Was a Priest of Makhleb.
             Succumbed to a hornet's poison
             ... on level 9 of the Dungeon.
             The game lasted 00:25:16 (14273 turns).

Flugkiller the Nimble (Octopode Wanderer)          Turns: 14273, Time: 00:25:16

Health: -3/68      AC:  1    Str: 16    XL:     10   Next: 48%
Magic:  23/23      EV: 20    Int: 12    God:    Makhleb [***...]
Gold:   568        SH:  0    Dex: 13    Spells: 10/11 levels left

rFire    . . .     SeeInvis .   g - +1 short sword (elec)
rCold    + . .     Gourm    .   (no shield)
rNeg     . . .     Faith    .   (helmet restricted)
rPois    .         Spirit   .   (no amulet)
rElec    .         Reflect  .   p - ring of magical power
rCorr    .         Harm     .   x - ring of protection from cold
MR       .....                  z - ring of stealth
Stlth    +++++.....             (no ring)
HPRegen  0.21/turn              (no ring)
MPRegen  0.18/turn              (no ring)
                                (no ring)
                                (no ring)

@: lethally poisoned (-3 -> -27), about to teleport, very slightly contaminated,
slowed, very slow
A: almost no armour, stealthy swim, amphibious, 8 rings, constrict 8, camouflage
1, gelatinous body 1
a: Minor Destruction, Lesser Servant of Makhleb, Renounce Religion


You were on level 9 of the Dungeon.
You worshipped Makhleb.
Makhleb was most pleased with you.
You were not hungry.

You visited 2 branches of the dungeon, and saw 11 of its levels.

You collected 568 gold pieces.

Inventory:

Hand Weapons
 c - a +0 quarterstaff
 g - a +1 short sword of electrocution (weapon)
   (You took it off an orc on level 3 of the Dungeon)
 l - the +9 sword of Zonguldrok {reap}
   (You found it on level 8 of the Dungeon)

   If a monster killed with it leaves a corpse in good enough shape, the corpse
   will be animated as a zombie friendly to the killer.
 m - a +2 dagger of venom
   (You took it off a kobold on level 3 of the Dungeon)
 r - a +3 vampiric short sword
   (You took it off Blork the orc on level 4 of the Dungeon)
 s - a +0 rapier
   (You found it on level 7 of the Dungeon)
Missiles
 b - a throwing net (quivered)
Armour
 o - a +0 large shield
   (You found it on level 6 of the Dungeon)
Jewellery
 p - a ring of magical power (left tentacle)
   (You found it on level 4 of the Dungeon)
 x - a ring of protection from cold (right tentacle)
   (You took it off an orc warrior on level 6 of the Dungeon)
 z - a ring of stealth (on tentacle)
   (You found it on level 7 of the Dungeon)
Wands
 u - a wand of acid (10)
   (You found it on level 7 of the Dungeon)
 v - a wand of polymorph (10)
   (You found it on level 9 of the Dungeon)
 w - a wand of disintegration (14)
   (You found it on level 7 of the Dungeon)
 A - a wand of clouds (6)
   (You found it on level 8 of the Dungeon)
Scrolls
 d - a scroll of silence
 e - 2 scrolls of teleportation
 j - a scroll of holy word
 k - 5 scrolls of remove curse
 q - a scroll of vulnerability
 t - a scroll of enchant weapon
 y - 2 scrolls of identify
 B - a scroll of magic mapping
Potions
 h - a potion of might
 i - a potion of brilliance
 n - 3 potions of magic
Comestibles
 f - 5 rations
 C - 3 chunks of flesh


   Skills:
 - Level 6.1 Fighting
 - Level 5.2 Short Blades
 - Level 2.0 Staves
 * Level 11.1 Dodging
 - Level 5.3 Stealth
 - Level 1.0 Spellcasting
   Level 1.0 Conjurations
 - Level 2.0 Hexes
   Level 1.0 Charms
 + Level 5.6 Invocations


You had 10 spell levels left.
You knew the following spells:

 Your Spells              Type           Power        Failure   Level  Hunger
a - Confusing Touch       Hex            #.....       13%         1    ##.....

Your spell library contained the following spells:

 Spells                   Type           Power        Failure   Level  Hunger
 Apportation              Tloc           #.....       30%         1    ##.....
 Summon Butterflies       Summ           #.......     30%         1    ##.....
 Confuse                  Hex            #.......     36%         3    ####...
 Tukima's Dance           Hex            #.......     36%         3    ####...
 Gell's Gravitas          Tloc           #.........   65%         3    ####...
 Ignite Poison            Fire/Tmut/Pois #.......     65%         3    ####...
 Lesser Beckoning         Tloc           #.........   65%         3    ####...
 Petrify                  Tmut/Erth      #.......     96%         4    #####..
 Metabolic Englaciation   Hex/Ice        #.........   99%         5    ######.
 Yara's Violent Unravell  Hex/Tmut       #.........   99%         5    ######.
 Alistair's Intoxication  Tmut/Pois      #.......     100%        5    ######.
 Fireball                 Conj/Fire      #.........   100%        5    ######.
 Bolt of Fire             Conj/Fire      #.........   100%        6    #######
 Invisibility             Hex            #.......     100%        6    #######
 Ring of Flames           Chrm/Fire      #.........   100%        7    #######
 Ignition                 Fire           #.........   100%        8    #######


Dungeon Overview and Level Annotations

Branches:
Dungeon (10/15)            Temple (1/1) D:4
   Lair: D:8-11         Orc: D:9-12

Altars:
Ashenzari
Cheibriados
Dithmenos
Elyvilon
Fedhas
Gozag
Hepliaklqana
Kikubaaqudgha
Makhleb
Nemelex Xobeh
Okawaru
Qazlal
Ru
Sif Muna
Trog
Uskayaw
Vehumet
Wu Jian
Xom
Yredelemnul
Zin
The Shining One

Annotations:
D:7 1 runed door


Innate Abilities, Weirdness & Mutations

You cannot wear most types of armour.
You are very stealthy in the water. (Stealth+)
You are amphibious.
You can wear up to eight rings at the same time.
You can use your tentacles to constrict eight enemies at once.
Your skin changes colour to match your surroundings (Stealth+).
Your rubbery body absorbs attacks. (AC +1, EV +1)


Message History

You are poisoned.
You feel yourself slow down.
You feel sick. The hornet stings you!
You are more poisoned.
You feel as though you will be slow longer.
The hornet stings you.
You are more poisoned.
You feel as though you will be slow longer.
You feel very sick. The hornet stings you!
* * * LOW HITPOINT WARNING * * *
You are more poisoned.
You feel as though you will be slow longer.
You can move again.
Okay, then.
Okay, then.
Unknown command.
Unknown command.
Okay, then.
Unknown command.
Blink to where?
Press: ? - help, Dir - move target cursor You are very lightly contaminated with residual magic.
As you read the scroll of blinking, it crumbles to dust.
* * * LOW HITPOINT WARNING * * *
You feel very sick.
* * * LOW HITPOINT WARNING * * *
You feel very sick. The hornet stings you.
* * * LOW HITPOINT WARNING * * *
You shrug off the repeated paralysis!
You climb upwards.
Your tentacles stop glowing.
* * * LOW HITPOINT WARNING * * *
You feel very sick.
There is a stone staircase leading down here.
Unknown command.
Okay, then.
Okay, then.
Okay, then.
Wield which item (- for none, * to show all)? (? for menu, Esc to quit)
Okay, then.
Unknown command.
Unknown command.
Okay, then.
Okay, then.
Okay, then.
As you read the scroll of teleportation, it crumbles to dust.
You feel strangely unstable.
You die...

.# #.......# .#
#.......####### .#
#.............# .#
#.......#####.# .#
#.......# #.# ##
#.......# #.#
#######.# #.#
##########.#####.#
................@#
....######.#######
....######.#
...........#
....######## ....#
....# ...## #..#


There were no monsters in sight!

Vanquished Creatures
  2 trolls
  A hippogriff (D:9)
  2 orc warriors (D:6)
  3 phantoms
  5 sky beasts
  7 ogres
  2 centaurs
  A big kobold (D:8)
  Blork the orc (D:4)
  2 scorpions
  16 killer bees
  5 wights (D:7)
  5 howler monkeys
  2 crimson imps
  3 jellies
  2 quasits
  A centaur zombie (D:8)
  5 orc priests
  3 bullfrog skeletons
  A bullfrog zombie (D:8)
  4 iguanas
  5 orc wizards
  9 worker ants
  2 hound zombies
  2 hound skeletons
  2 howler monkey zombies
  4 gnolls (D:4)
  10 adders
  A shadow imp (D:7)
  An ooze (D:1)
  An adder skeleton (D:9)
  5 worms
  A dart slug (D:1)
  6 leopard geckos
  32 orcs
  7 giant cockroaches
  3 hobgoblins (D:2)
  4 jackals
  4 quokkas
  A ball python (D:3)
  6 bats
  10 frilled lizards
  8 goblins
  12 kobolds
  5 rats
214 creatures vanquished.

Notes
Turn   | Place    | Note
-------+----------+-------------------------------------------
     0 | D:1      | Flugkiller the Octopode Wanderer began the quest for the
                  | Orb.
     0 | D:1      | Flugkiller set off with the following items: a +2 dagger, a
                  | scroll of fear, a +0 quarterstaff, a potion of
                  | lignification, a ration
     0 | D:1      | Reached XP level 1. HP: 11/11 MP: 2/2
    70 | D:1      | Reached skill level 1 in Fighting
   164 | D:1      | Reached XP level 2. HP: 18/18 MP: 3/3
   521 | D:1      | Reached XP level 3. HP: 25/25 MP: 4/4
   796 | D:2      | Reached XP level 4. HP: 29/31 MP: 5/5
  1725 | D:3      | Found a deep blue altar of Sif Muna.
  1841 | D:3      | Reached skill level 2 in Dodging
  1841 | D:3      | Reached XP level 5. HP: 24/37 MP: 6/6
  1959 | D:3      | Found an iron altar of Okawaru.
  2074 | D:3      | Learned a level 1 spell: Confusing Touch
  2528 | D:3      | You fall through a shaft for 2 floors!
  2528 | D:5      | Entered Level 5 of the Dungeon
  2577 | D:5      | Reached skill level 1 in Hexes
  2734 | D:5      | Reached skill level 3 in Dodging
  2738 | D:4      | Noticed an ogre
  2761 | D:4      | Found a staircase to the Ecumenical Temple.
  2768 | Temple   | Entered the Ecumenical Temple
  3264 | Temple   | Became a worshipper of Makhleb the Destroyer
  3355 | D:4      | Noticed a phantom
  3653 | D:4      | Noticed a phantom
  3979 | D:4      | Reached XP level 6. HP: 40/43 MP: 7/7
  5195 | D:3      | Reached skill level 4 in Dodging
  5425 | D:3      | Killed a phantom
  5425 | D:3      | Reached skill level 5 in Dodging
  5425 | D:3      | Reached XP level 7. HP: 36/48 MP: 6/8
  5553 | D:4      | Found an ancient bone altar of Kikubaaqudgha.
  5605 | D:4      | Reached skill level 1 in Short Blades
  5639 | D:4      | Noticed Blork the orc
  5651 | D:4      | Killed Blork the orc
  6596 | D:5      | Reached * piety under Makhleb
  6898 | D:5      | HP: 1/48 [centaur (4)]
  6924 | D:5      | HP: 2/48 [poisoned by an adder]
  7494 | D:6      | Found an opulent altar of Gozag.
  7500 | D:6      | Found a shattered altar of Ashenzari.
  7802 | D:6      | Reached XP level 8. HP: 47/54 MP: 9/9
  7841 | D:6      | Reached skill level 5 in Short Blades
  8917 | D:6      | Reached skill level 6 in Dodging
  9213 | D:7      | Reached skill level 5 in Fighting
  9508 | D:7      | Reached skill level 7 in Dodging
  9592 | D:7      | Found a runed door.
 10094 | D:7      | Reached XP level 9. HP: 61/61 MP: 10/10
 10144 | D:7      | Found a white marble altar of Elyvilon.
 10180 | D:7      | Reached skill level 8 in Dodging
 10219 | D:7      | HP: 3/62 [poisoned by a killer bee]
 10226 | D:7      | HP: 3/62 [poisoned by a killer bee]
 10234 | D:7      | HP: 2/62 [poisoned by a killer bee]
 10912 | D:8      | Found the +9 sword of Zonguldrok {reap}
 10975 | D:8      | Reached skill level 1 in Invocations
 11060 | D:8      | Reached ** piety under Makhleb
 11147 | D:8      | HP: 3/62 [big kobold/cursed +0 short sword (3)]
 11160 | D:8      | Reached skill level 9 in Dodging
 11504 | D:8      | Found a stormy altar of Qazlal.
 11556 | D:8      | HP: 2/62 [killer bee (4)]
 12198 | D:9      | Noticed a troll
 12819 | D:8      | Reached skill level 10 in Dodging
 12819 | D:8      | Reached XP level 10. HP: 52/68 MP: 12/12
 13888 | D:9      | Reached skill level 5 in Invocations
 14114 | D:10     | Entered Level 10 of the Dungeon
 14181 | D:9      | Reached *** piety under Makhleb
 14181 | D:9      | Reached skill level 11 in Dodging
 14266 | D:10     | Paralysed by a hornet for 3 turns
 14272 | D:9      | HP: 1/68 [poisoned by a hornet]
 14273 | D:9      | Succumbed to a hornet's poison

Vault maps used:
D:1:      lightli_arrival_isolated_outpost, minivault_4, grunt_decor_arrowhead
D:2:      first_ration
D:3:      lemuel_doored_altar, okawaru_trees_1
D:4:      minmay_chambers_of_twos, kiku_gazebo_pond_becter,
          minmay_temple_entry_mist, serial_column_ruins,
          column_ruins_hut_ruined, column_ruins_corridor_straight,
          column_ruins_open_small, column_ruins_corridor_straight,
          column_ruins_open_medium, column_ruins_columns_straight,
          nrook_campfire, chequers_serial_rivers_micro_d, uniq_blork_the_orc
D:5:      lemuel_upstairs_altar
D:6:      nicolae_gozag_seed_capital, ashenzari_altar_1,
          roderic_serpentine_path, minivault_22
D:7:      elyvilon_altar_5, uniq_crazy_yiuf_cottage
D:8:      nicolae_qazlal_eye_of_the_storm
D:10:     uniq_harold, uniq_sonja
Temple:   minmay_temple_bridge_d

Skill      XL: |  1  2  3  4  5  6  7  8  9 10 |
---------------+-------------------------------+-----
Fighting       | 1 2 3 4 5 6 |  6.1
Dodging        | 2 3 5 7 10 11 | 11.1
Hexes          | 2 |  2.0
Short Blades   | 4 5 |  5.2
Invocations    | 3 5 |  5.6
Staves         | |  2.0
Stealth        | |  5.3
Spellcasting   | |  1.0
Conjurations   | |  1.0
Charms         | |  1.0

Action                   |  1- 3 |  4- 6 |  7- 9 | 10-12 || total
-------------------------+-------+-------+-------+-------++-------
Melee: Dagger            |    43 |   156 |       |       ||   199
       Constrict         |    10 |    36 |    55 |    14 ||   115
       Tentacles         |     8 |    24 |    70 |    27 ||   129
       Unarmed           |       |     5 |    18 |     6 ||    29
       Short sword       |       |    12 |   349 |   101 ||   462
       Double sword      |       |       |     2 |       ||     2
 Cast: Confusing Touch   |       |    11 |    17 |     8 ||    36
Evoke: Wand              |       |       |     1 |     1 ||     2
  Use: Scroll            |     5 |     3 |    10 |     4 ||    22
       Potion            |       |     1 |     7 |       ||     8
 Stab: Sleeping          |    13 |    11 |    12 |     2 ||    38
       Confused          |       |     2 |     4 |     5 ||    11
       Distracted        |       |       |     3 |     1 ||     4
  Eat: Chunk             |       |     7 |     6 |     2 ||    15
       Ration            |       |     2 |     7 |     1 ||    10
Armor: Skin              |     1 |    26 |    96 |     9 ||   132
Dodge: Dodged            |    18 |    86 |   203 |    83 ||   390

Table legend:
 A = Non-vault XP
 B = Vault XP
 C = Vault XP percentage of total XP
 D = Non-vault monster count
 E = Vault monster count
 F = Vault count percentage of total count
                 A         B        C        D         E       F
            +---------+---------+-------+---------+---------+-------
      Total |    6687 |     160 |   2.3 |     208 |       6 |   2.8
            +---------+---------+-------+---------+---------+-------
        D:1 |      37 |       0 |   0.0 |      20 |       0 |   0.0
        D:2 |     104 |       0 |   0.0 |      17 |       0 |   0.0
        D:3 |     282 |       0 |   0.0 |      36 |       0 |   0.0
        D:4 |     122 |     160 |  56.7 |       9 |       6 |  40.0
        D:5 |     387 |       0 |   0.0 |      13 |       0 |   0.0
        D:6 |     529 |       0 |   0.0 |      19 |       0 |   0.0
        D:7 |    1512 |       0 |   0.0 |      30 |       0 |   0.0
        D:8 |    1479 |       0 |   0.0 |      28 |       0 |   0.0
        D:9 |    1884 |       0 |   0.0 |      33 |       0 |   0.0
       D:10 |     351 |       0 |   0.0 |       3 |       0 |   0.0
            +---------+---------+-------+---------+---------+-------
